[Event "NOR-chT Eliteserien 2021-22"]
[Site "Norway"]
[Date "2022.02.04"]
[Round "4.10"]
[White "Solberg, Joachim"]
[Black "Torngren, Gustav"]
[Result "*"]
[ECO "B11"]
[WhiteElo "2216"]
[BlackElo "2229"]
[Annotator "ChessBase"]
[PlyCount "74"]
[EventDate "2021.10.29"]
[EventType "team-tourn"]
[EventCountry "NOR"]
[SourceTitle "playchess.com"]
[Source "ChessBase"]
[SourceQuality "1"]
[TimeControl "40/5400+30:1800+30"]

1. e4 c6 2. Nc3 d5 3. Nf3 Bg4 4. h3 Bxf3 5. Qxf3 e6 6. Be2 d4 7. Nb1 Nd7 8. O-O Ne7 9. d3 Ng6 10. Qg3 e5 11. f4 exf4 12. Bxf4 Nxf4 13. Qxf4 Qf6 14. Bg4 Qxf4 15. Bxd7+ Kxd7 16. Rxf4 f6 17. a4 Bd6 18. Rf1 Rhf8 19. Nd2 Rae8 20. Nb3 c5 21. Nd2 h5 22. Nc4 g6 23. Rf3 f5 24. Nxd6 Kxd6 25. Raf1 Re5 26. Rg3 Rf6 27. exf5 gxf5 28. Rg7 Re7 29. Rxe7 Kxe7 30. Re1+ Re6 31. Rxe6+ Kxe6 32. Kf2 f4 33. Kf3 Kf5 34. h4 b6 35. b3 a6 36. g3 fxg3 37. Kxg3 Ke5 *

[Event "NOR-chT Eliteserien 2021-22"]
[Site "Norway"]
[Date "2022.02.04"]
[Round "4.11"]
[White "Nordquelle, Daniel"]
[Black "Mikalsen, Odd Erling"]
[Result "*"]
[ECO "C10"]
[WhiteElo "2130"]
[BlackElo "1875"]
[Annotator "ChessBase"]
[PlyCount "26"]
[EventDate "2021.10.29"]
[EventType "team-tourn"]
[EventCountry "NOR"]
[SourceTitle "playchess.com"]
[Source "ChessBase"]
[SourceQuality "1"]
[TimeControl "40/5400+30:1800+30"]

1. e4 e6 2. d4 d5 3. Nd2 dxe4 4. Nxe4 Nd7 5. g3 Ngf6 6. Bg5 h6 7. Bxf6 Nxf6 8. Nxf6+ Qxf6 9. Bg2 c5 10. Nf3 cxd4 11. Qxd4 Be7 12. O-O O-O 13. Rad1 b6 *

[Event "NOR-chT Eliteserien 2021-22"]
[Site "Norway"]
[Date "2022.02.05"]
[Round "5.4"]
[White "Torngren, Gustav"]
[Black "Royset, Pal"]
[Result "1-0"]
[ECO "A25"]
[WhiteElo "2229"]
[BlackElo "2146"]
[Annotator "RC"]
[PlyCount "77"]
[EventDate "2021.10.29"]
[EventType "team-tourn"]
[EventCountry "NOR"]
[SourceTitle "playchess.com"]
[Source "ChessBase"]
[SourceQuality "1"]
[TimeControl "40/5400+30:1800+30"]

1. c4 e5 2. Nc3 Nc6 3. e3 Nf6 4. Qb3 Bc5 5. g3 O-O 6. Bg2 d6 7. Nge2 Re8 8. d3 Nb4 9. Nd5 Nfxd5 10. cxd5 c6 11. dxc6 bxc6 12. a3 Nd5 13. O-O Ba6 14. Qc2 Rc8 15. b4 Bb6 16. Rd1 Qf6 17. Qb3 Qe6 18. Rb1 Bb7 19. a4 Qg4 20. Re1 Qd7 21. Ba3 h5 22. a5 Bd8 23. e4 Nf6 24. d4 Ba6 25. Rbd1 Qb7 26. Qa2 d5 27. exd5 cxd5 28. dxe5 Rxe5 29. Nf4 Bc4 30. Qa1 Rxe1+ 31. Rxe1 Be7 32. Qd4 Bxb4 33. Qb2 Rb8 34. Rb1 Bxa3 35. Qxb7 Rxb7 36. Rxb7 Bc5 37. Bxd5 Nxd5 38. Nxd5 Be2 39. Rc7 1-0

[Event "NOR-chT Eliteserien 2021-22"]
[Site "Norway"]
[Date "2022.02.06"]
[Round "6.3"]
[White "Byklum, Bjornar"]
[Black "Mikalsen, Erlend"]
[Result "1/2-1/2"]
[ECO "E59"]
[WhiteElo "2318"]
[BlackElo "2368"]
[Annotator "ChessBase"]
[PlyCount "56"]
[EventDate "2021.10.29"]
[EventType "team-tourn"]
[EventCountry "NOR"]
[SourceTitle "playchess.com"]
[Source "ChessBase"]
[SourceQuality "1"]
[TimeControl "40/5400+30:1800+30"]

1. d4 Nf6 2. c4 e6 3. Nc3 Bb4 4. e3 O-O 5. Bd3 d5 6. a3 Bxc3+ 7. bxc3 dxc4 8. Bxc4 c5 9. Nf3 Qc7 10. Be2 Rd8 11. Bb2 Nc6 12. O-O e5 13. h3 Bf5 14. Rc1 Qb6 15. Ba1 Be4 16. Qa4 Qc7 17. Rfd1 Qe7 18. Nxe5 Nxe5 19. dxe5 Rxd1+ 20. Rxd1 Qxe5 21. c4 Qg5 22. Bf1 Bc6 23. Qc2 Ne4 24. Bb2 Re8 25. Bc1 Qe5 26. Bb2 Qg5 27. Bc1 Qe5 28. Bb2 Qg5 1/2-1/2

[Event "NOR-chT Eliteserien 2021-22"]
[Site "Norway"]
[Date "2022.02.06"]
[Round "6.4"]
[White "Flermoen, Peter"]
[Black "Astrup, Kim Chr."]
[Result "1/2-1/2"]
[ECO "B15"]
[WhiteElo "2297"]
[BlackElo "2224"]
[Annotator "ChessBase"]
[PlyCount "86"]
[EventDate "2021.10.29"]
[EventType "team-tourn"]
[EventCountry "NOR"]
[SourceTitle "playchess.com"]
[Source "ChessBase"]
[SourceQuality "1"]
[TimeControl "40/5400+30:1800+30"]

1. e4 c6 2. d4 d5 3. Nc3 dxe4 4. Nxe4 Nf6 5. Nxf6+ exf6 6. Bc4 Bd6 7. Ne2 O-O 8. Be3 Nd7 9. Bb3 Re8 10. Qd2 a5 11. a3 Qc7 12. c4 Nf8 13. d5 c5 14. Ba4 Bd7 15. Bxd7 Qxd7 16. h3 Ng6 17. O-O f5 18. a4 Re4 19. Nc3 Rxc4 20. f4 Re8 21. g3 h5 22. h4 Nf8 23. Rfe1 Rb4 24. Bf2 Rxe1+ 25. Rxe1 Nh7 26. Nb5 Nf6 27. Nxd6 Qxd6 28. Re5 Ne4 29. Qc2 f6 30. Re8+ Kf7 31. Rc8 Qxd5 32. Qe2 Kg6 33. Rh8 Kf7 34. Qxh5+ Ke7 35. Rc8 Nd6 36. Rc7+ Ke6 37. Bxc5 Qd3 38. Bxb4 Qxg3+ 39. Kh1 Qh3+ 40. Kg1 Qg3+ 41. Kh1 Qh3+ 42. Kg1 Qg3+ 43. Kh1 Qh3+ 1/2-1/2

[Event "NOR-chT Eliteserien 2021-22"]
[Site "Norway"]
[Date "2022.02.06"]
[Round "6.5"]
[White "Demac, Elias"]
[Black "Aulin-Jansson, Joran"]
[Result "1/2-1/2"]
[ECO "B13"]
[WhiteElo "2206"]
[BlackElo "2214"]
[Annotator "ChessBase"]
[PlyCount "128"]
[EventDate "2021.10.29"]
[EventType "team-tourn"]
[EventCountry "NOR"]
[SourceTitle "playchess.com"]
[Source "ChessBase"]
[SourceQuality "1"]
[TimeControl "40/5400+30:1800+30"]

1. e4 c6 2. d4 d5 3. exd5 cxd5 4. Nf3 Nc6 5. Bb5 Nf6 6. Ne5 Bd7 7. Nxd7 Qxd7 8. c3 a6 9. Bd3 e6 10. O-O Bd6 11. Nd2 Qc7 12. h3 O-O 13. Re1 b5 14. a3 Rab8 15. Nf3 h6 16. Qe2 Na5 17. Ne5 Nb3 18. Rb1 Nxc1 19. Rbxc1 Qb6 20. Bb1 a5 21. Ng4 Nxg4 22. hxg4 Rfe8 23. b4 Rb7 24. g3 Be7 25. Bd3 Bf6 26. Kg2 Rc8 27. Rc2 Kf8 28. f4 Rbc7 29. Rec1 Rb8 30. Qd2 g6 31. g5 hxg5 32. fxg5 Bg7 33. Qf4 axb4 34. cxb4 Rxc2+ 35. Rxc2 e5 36. dxe5 Qe6 37. Re2 Ra8 38. Qc1 Rc8 39. Qe1 d4 40. Rc2 Rxc2+ 41. Bxc2 Qa2 42. Qe2 Bxe5 43. Bd3 Qd5+ 44. Qf3 Qa2+ 45. Be2 Qd2 46. Kh3 Qxg5 47. Bxb5 Qh6+ 48. Kg2 Qd2+ 49. Be2 Qe1 50. b5 f5 51. Bc4 Kg7 52. a4 Qc3 53. Qxc3 dxc3 54. Bd3 Bc7 55. Kf3 Kf6 56. g4 Ke5 57. gxf5 gxf5 58. Bc2 f4 59. Kg4 Kd4 60. Kf3 Bb8 61. Bb1 Kc5 62. Ke4 Kc4 63. Bc2 Bc7 64. Bd1 Bb8 1/2-1/2

[Event "NOR-chT Eliteserien 2021-22"]
[Site "Norway"]
[Date "2022.02.06"]
[Round "6.5"]
[White "Grebstad, Kjell Borre"]
[Black "Solberg, Joachim"]
[Result "1/2-1/2"]
[ECO "E04"]
[WhiteElo "2064"]
[BlackElo "2216"]
[Annotator "ChessBase"]
[PlyCount "43"]
[EventDate "2021.10.29"]
[EventType "team-tourn"]
[EventCountry "NOR"]
[SourceTitle "playchess.com"]
[Source "ChessBase"]
[SourceQuality "1"]
[TimeControl "40/5400+30:1800+30"]

1. d4 Nf6 2. c4 e6 3. g3 d5 4. Nf3 dxc4 5. Bg2 c5 6. O-O Nc6 7. dxc5 Qxd1 8. Rxd1 Bxc5 9. Nbd2 Ke7 10. Nxc4 Ne4 11. Be3 Bxe3 12. Nxe3 Rd8 13. Rxd8 Kxd8 14. Rd1+ Ke7 15. Nd4 Nxd4 16. Rxd4 Nd6 17. Nc4 Nxc4 18. Rxc4 Kd6 19. Rd4+ Ke7 20. Rc4 Kd6 21. Rd4+ Ke7 22. Rc4 1/2-1/2

[Event "NOR-chT Eliteserien 2021-22"]
[Site "Norway"]
[Date "2022.02.06"]
[Round "6.6"]
[White "Diesen, Bruce"]
[Black "Mork, Kjell Arne"]
[Result "1-0"]
[ECO "B48"]
[WhiteElo "2108"]
[BlackElo "2246"]
[Annotator "ChessBase"]
[PlyCount "113"]
[EventDate "2021.10.29"]
[EventType "team-tourn"]
[EventCountry "NOR"]
[SourceTitle "playchess.com"]
[Source "ChessBase"]
[SourceQuality "1"]
[TimeControl "40/5400+30:1800+30"]

1. e4 c5 2. Nf3 e6 3. d4 cxd4 4. Nxd4 Nc6 5. Nc3 Qc7 6. Be3 a6 7. Qd2 Nf6 8. f3 Ne5 9. g4 h6 10. O-O-O Bb4 11. Kb1 Bxc3 12. Qxc3 Qxc3 13. bxc3 d5 14. exd5 Nxd5 15. Bd2 b5 16. Re1 Nc4 17. Bxc4 bxc4 18. f4 O-O 19. h4 Bb7 20. Rhg1 Nf6 21. g5 Ne4 22. Kc1 h5 23. Re3 Bd5 24. Rge1 Nc5 25. f5 Rab8 26. g6 Rb6 27. gxf7+ Kxf7 28. fxe6+ Nxe6 29. Kd1 Rd8 30. Rf1+ Kg8 31. Rf5 Nxd4 32. cxd4 g6 33. Rg5 Kf7 34. a3 Be6 35. Bc3 Rb5 36. Rg2 Bf5 37. Kd2 Rd7 38. Rge2 Rbd5 39. Kc1 Bg4 40. Re1 g5 41. hxg5 Rxg5 42. Re8 Rg6 43. Rc8 Be6 44. Rf1+ Ke7 45. Bb4+ Rd6 46. Rc7+ Bd7 47. Rxc4 h4 48. d5 h3 49. Rh4 Kd8 50. Bxd6 Rxd6 51. c4 Rg6 52. Rh7 Rg2 53. Rf8+ Kc7 54. Rff7 h2 55. Rxd7+ Kb6 56. Rd6+ Kc5 57. Rdh6 1-0

[Event "NOR-chT Eliteserien 2021-22"]
[Site "Norway"]
[Date "2022.02.06"]
[Round "6.6"]
[White "Brasoy, Aksel"]
[Black "Flaata, Alexander R."]
[Result "0-1"]
[ECO "A49"]
[WhiteElo "1893"]
[BlackElo "2019"]
[Annotator "NA"]
[PlyCount "66"]
[EventDate "2021.10.29"]
[EventType "team-tourn"]
[EventCountry "NOR"]
[SourceTitle "playchess.com"]
[Source "ChessBase"]
[SourceQuality "1"]
[TimeControl "40/5400+30:1800+30"]

1. Nf3 Nf6 2. g3 d6 3. d4 c5 4. d5 g6 5. Bg2 Bg7 6. O-O O-O 7. a4 Na6 8. c4 Nb4 9. Nc3 Bf5 10. Ne1 Qd7 11. e4 Bh3 12. f3 Nh5 13. Be3 Bxg2 14. Kxg2 $11 e6 15. Qd2 Rae8 16. Nd3 exd5 17. cxd5 f5 18. e5 Bxe5 19. Nxb4 cxb4 20. Nb5 f4 21. Bf2 fxg3 22. hxg3 Qf5 23. Nd4 Bxd4 24. Bxd4 Qxd5 25. Rad1 a5 26. Qf2 Qg5 27. Kh2 Rf5 28. Rfe1 Rxe1 29. Rxe1 Nxg3 30. Qc2 Nf1+ 31. Rxf1 Qh4+ 32. Kg1 Rg5+ 33. Qg2 Qxd4+ 0-1

[Event "NOR-chT Eliteserien 2021-22"]
[Site "Norway"]
[Date "2022.02.06"]
[Round "6.9"]
[White "Risting, Eivind Olav"]
[Black "Lund, Gunnar"]
[Result "0-1"]
[ECO "A55"]
[WhiteElo "2311"]
[BlackElo "2307"]
[Annotator "ChessBase"]
[PlyCount "126"]
[EventDate "2021.10.29"]
[EventType "team-tourn"]
[EventCountry "NOR"]
[SourceTitle "playchess.com"]
[Source "ChessBase"]
[SourceQuality "1"]
[TimeControl "40/5400+30:1800+30"]

1. d4 Nf6 2. c4 d6 3. Nf3 Nbd7 4. g3 e5 5. Bg2 Be7 6. Nc3 O-O 7. O-O c6 8. e4 Qc7 9. h3 a6 10. a4 a5 11. Be3 Re8 12. Re1 exd4 13. Nxd4 Bf8 14. Qc2 Nc5 15. Rad1 Nfd7 16. f4 Na6 17. Bf2 Nb4 18. Qb1 Nc5 19. g4 Bd7 20. Bg3 Rad8 21. Kh2 Bc8 22. g5 Qe7 23. Nf3 Ne6 24. h4 f6 25. f5 Nc5 26. b3 Qf7 27. Rd4 g6 28. fxg6 hxg6 29. Qd1 Ne6 30. Rd2 fxg5 31. Nxg5 Nxg5 32. hxg5 Qe7 33. Qf3 Bg7 34. Qe3 Be5 35. Kg1 Na6 36. Ne2 Nc5 37. Rf1 Rf8 38. Rxf8+ Rxf8 39. Nd4 Bg4 40. Bxe5 dxe5 41. Nc2 Ne6 42. Qg3 Qxg5 43. Ne3 Bf3 44. Qxg5 Nxg5 45. Rd7 Rf7 46. Rd8+ Kg7 47. Re8 Bxg2 48. Kxg2 Nxe4 49. Rxe5 Nd2 50. Rxa5 Re7 51. Ng4 Nxb3 52. Ra7 Nc5 53. Kf3 Kf7 54. Ra5 Nd7 55. Kf4 Ke6 56. Kg5 Kd6 57. Kxg6 Ne5+ 58. Nxe5 Rxe5 59. Ra7 Kc7 60. Kf6 Rc5 61. Ra8 Rxc4 62. Ke5 Rc5+ 63. Kd4 Kb6 0-1

[Event "NOR-chT Eliteserien 2021-22"]
[Site "Norway"]
[Date "2022.02.06"]
[Round "6.10"]
[White "Royset, Pal"]
[Black "Lindbol, Aleksander"]
[Result "0-1"]
[ECO "B12"]
[WhiteElo "2146"]
[BlackElo "2222"]
[Annotator "ChessBase"]
[PlyCount "212"]
[EventDate "2021.10.29"]
[EventType "team-tourn"]
[EventCountry "NOR"]
[SourceTitle "playchess.com"]
[Source "ChessBase"]
[SourceQuality "1"]
[TimeControl "40/5400+30:1800+30"]

1. e4 c6 2. d4 d5 3. e5 c5 4. c3 Nc6 5. Nf3 cxd4 6. cxd4 Bg4 7. Be2 e6 8. Nbd2 Qb6 9. O-O Nge7 10. Qa4 Nf5 11. Rd1 Qb4 12. Qxb4 Bxb4 13. h3 Bxd2 14. hxg4 Bxc1 15. gxf5 Bh6 16. fxe6 fxe6 17. Ne1 a6 18. Bg4 Ke7 19. b4 Rac8 20. a3 Na7 21. Rd3 Rc4 22. g3 Nc6 23. Nf3 Rf8 24. Ra2 Na7 25. Kg2 Rfc8 26. Ne1 Nb5 27. Nf3 Rc3 28. Rxc3 Rxc3 29. a4 Ra3 30. Rxa3 Nxa3 31. Kf1 Nc2 32. b5 axb5 33. axb5 b6 34. Ke2 Na3 35. Kd3 Nxb5 36. Ne1 g6 37. f4 Kd7 38. Bh3 Nc7 39. Kc3 Nb5+ 40. Kd3 Nc7 41. Kc3 Bf8 42. Nf3 b5 43. Bf1 Be7 44. Bd3 Kc6 45. g4 Na8 46. g5 Kb6 47. Nh2 Nc7 48. Ng4 Ne8 49. Kb3 Ka5 50. Bb1 b4 51. Bd3 Kb6 52. Ka4 Bf8 53. Bc2 Kc7 54. Bd3 Be7 55. Kb3 Kd8 56. Nh6 Ng7 57. Ng8 Nh5 58. Nxe7 Kxe7 59. Kxb4 Nxf4 60. Bf1 Nh5 61. Kc3 Ng3 62. Bg2 Ne2+ 63. Kd2 Nxd4 64. Ke3 Nf5+ 65. Kf4 Kd7 66. Bf1 Kc6 67. Ba6 Ne7 68. Ke3 Kc5 69. Kf4 Kd4 70. Bb7 Kc3 71. Ba6 d4 72. Ke4 Nd5 73. Bb5 Nb4 74. Bd7 d3 75. Bxe6 d2 76. Bg4 Kc4 77. e6 Nc6 78. Bf3 Kc5 79. Ke3 Kd6 80. Kxd2 Ne5 81. Bd1 Kxe6 82. Ke3 Kf5 83. Bb3 Kxg5 84. Ke4 Ng4 85. Be6 h5 86. Kf3 Nf6 87. Kg3 Ne4+ 88. Kh3 Kf6 89. Bd5 Nd6 90. Bf3 Nf5 91. Bd1 Kg5 92. Be2 Kf4 93. Bd1 h4 94. Be2 Nd4 95. Bg4 g5 96. Bc8 Nf5 97. Bb7 g4+ 98. Kh2 Kg5 99. Be4 Ne7 100. Bb7 Ng6 101. Bc6 Nf4 102. Bb7 g3+ 103. Kg1 h3 104. Bc6 Nd3 105. Kf1 Nf2 106. Bd5 Kf4 0-1

[Event "NOR-chT Eliteserien 2021-22"]
[Site "Norway"]
[Date "2022.02.06"]
[Round "6.11"]
[White "Kjolberg, Jens Hjorth"]
[Black "Royset, Jon Kr."]
[Result "0-1"]
[ECO "A90"]
[WhiteElo "2154"]
[BlackElo "2218"]
[Annotator "ChessBase"]
[PlyCount "118"]
[EventDate "2021.10.29"]
[EventType "team-tourn"]
[EventCountry "NOR"]
[SourceTitle "playchess.com"]
[Source "ChessBase"]
[SourceQuality "1"]
[TimeControl "40/5400+30:1800+30"]

1. d4 f5 2. c4 e6 3. g3 Nf6 4. Bg2 c6 5. Nf3 d5 6. O-O Bd6 7. Qc2 O-O 8. Nc3 Qe8 9. Rb1 Nbd7 10. b4 Ne4 11. b5 a6 12. bxc6 bxc6 13. Bf4 Bxf4 14. gxf4 Nxc3 15. Qxc3 a5 16. cxd5 cxd5 17. Qc6 Ra6 18. Qc7 Qd8 19. Rfc1 Rb6 20. Rxb6 Nxb6 21. Ne5 Bd7 22. Nxd7 Nxd7 23. Qd6 Re8 24. Rc7 Nf6 25. Qxd8 Rxd8 26. Ra7 Rb8 27. Bf3 Rb4 28. Rxa5 Rxd4 29. e3 Rd2 30. Ra4 Kf7 31. a3 Ne8 32. Kf1 Ke7 33. Be2 Nc7 34. Rb4 Ra2 35. Rb3 Ne8 36. Bd3 Nd6 37. Rc3 h6 38. h4 Kf6 39. Kg2 Ke7 40. Rc7+ Kf6 41. Rc3 Ke7 42. Rc7+ Kd8 43. Rc3 Ne8 44. Bc2 Nf6 45. Kg3 d4 46. exd4 Nd5 47. Rc5 Rxa3+ 48. f3 Rc3 49. Rxc3 Nxc3 50. Kf2 Ke7 51. Bb3 Kd6 52. Ke3 Nd5+ 53. Bxd5 exd5 54. Kd3 Kc6 55. Kc3 Kb5 56. Kb3 h5 57. Kc3 Ka4 58. Kc2 Kb4 59. Kd3 Kb3 0-1

[Event "NOR-chT Eliteserien 2021-22"]
[Site "Norway"]
[Date "2022.02.06"]
[Round "6.12"]
[White "Machlik, Monika"]
[Black "Dahl, Max"]
[Result "1-0"]
[ECO "D31"]
[WhiteElo "2134"]
[BlackElo "2038"]
[Annotator "NA"]
[PlyCount "91"]
[EventDate "2021.10.29"]
[EventType "team-tourn"]
[EventCountry "NOR"]
[SourceTitle "playchess.com"]
[Source "ChessBase"]
[SourceQuality "1"]
[TimeControl "40/5400+30:1800+30"]

1. d4 d5 2. c4 e6 3. Nc3 Be7 4. cxd5 exd5 5. Bf4 c6 6. e3 Bf5 7. Nge2 Nd7 8. Ng3 Bg6 9. Be2 Nf8 10. Bg4 $11 Nf6 11. Bh3 Ne6 12. Be5 Ng5 13. Bf5 Bxf5 14. Nxf5 Bf8 15. h4 Nge4 16. Nxe4 Nxe4 17. Bxg7 Rg8 18. Bxf8 Kxf8 19. O-O Qf6 20. Qh5 Qg6 21. Qxg6 hxg6 22. Ng3 Nxg3 23. fxg3 Re8 24. Rf3 Re4 25. Raf1 Rg7 26. Kf2 Ke7 27. Rf4 f5 28. Rxe4+ dxe4 29. g4 Ke6 30. Kg3 Rf7 31. h5 gxh5 32. Rxf5 Rg7 33. Rxh5 Kd6 34. Re5 Rf7 35. Rxe4 Kd5 36. Re5+ Kc4 37. g5 Kd3 38. g6 Rg7 39. Re6 Kc2 40. e4 Kd3 41. Kf4 Kxd4 42. Rd6+ Kc5 43. e5 b5 44. Kf5 Rg8 45. Rd7 Rf8+ 46. Rf7 1-0

[Event "NOR-chT Eliteserien 2021-22"]
[Site "Norway"]
[Date "2022.02.06"]
[Round "6.17"]
[White "Kvisla, Johannes Luangtep"]
[Black "Nordquelle, Daniel"]
[Result "0-1"]
[ECO "D31"]
[WhiteElo "2212"]
[BlackElo "2130"]
[Annotator "ChessBase"]
[PlyCount "136"]
[EventDate "2021.10.29"]
[EventType "team-tourn"]
[EventCountry "NOR"]
[SourceTitle "playchess.com"]
[Source "ChessBase"]
[SourceQuality "1"]
[TimeControl "40/5400+30:1800+30"]

1. d4 d5 2. c4 e6 3. cxd5 exd5 4. Nc3 c6 5. Qc2 g6 6. Nf3 Bf5 7. Qb3 Qb6 8. Bf4 Qxb3 9. axb3 Nd7 10. e3 Ngf6 11. h3 Bb4 12. Nd2 O-O 13. g4 Be6 14. Bg2 Rfe8 15. O-O h5 16. f3 hxg4 17. hxg4 Nh7 18. Kf2 Bf8 19. Rh1 Bg7 20. b4 g5 21. Bd6 f5 22. gxf5 Bxf5 23. Nb3 Re6 24. Bg3 Nhf6 25. Nc5 Nxc5 26. bxc5 Rf8 27. Rxa7 Bd3 28. Bd6 Ng4+ 29. Kg3 Nxe3 30. Bxf8 Nf5+ 31. Kh2 Kxf8 32. Rd1 Rh6+ 33. Bh3 Bc2 34. Re1 Nh4 35. Kg3 Bxd4 36. Rxb7 Ng6 37. Ra1 Ne7 38. Kg2 Bxc5 39. Nxd5 cxd5 40. Rc1 g4 41. Bxg4 Bd6 42. Kg1 Bh2+ 43. Kg2 Bf4 44. Re1 Rh7 45. Rd7 Ba4 46. Rd8+ Kf7 47. Ra8 Rh2+ 48. Kg1 Bb5 49. Be6+ Kg7 50. Ra7 Kf6 51. Rxe7 Kxe7 52. Bxd5+ Kf6 53. Re4 Bc7 54. Bc4 Bd7 55. Re2 Rh4 56. b3 Bb6+ 57. Kg2 Rh7 58. Rd2 Rg7+ 59. Kf1 Ke5 60. Ke2 Kf4 61. Rd6 Bc5 62. Rf6+ Ke5 63. Ra6 Rg2+ 64. Ke1 Bb4+ 65. Kf1 Rb2 66. Rh6 Kf4 67. Rh7 Bf5 68. Rh4+ Kg3 0-1

[Event "NOR-chT Eliteserien 2021-22"]
[Site "Norway"]
[Date "2022.02.06"]
[Round "6.18"]
[White "Thanke, Bror"]
[Black "Gvein, Kenneth"]
[Result "1-0"]
[ECO "D40"]
[WhiteElo "2143"]
[BlackElo "2163"]
[Annotator "NA"]
[PlyCount "129"]
[EventDate "2021.10.29"]
[EventType "team-tourn"]
[EventCountry "NOR"]
[SourceTitle "playchess.com"]
[Source "ChessBase"]
[SourceQuality "1"]
[TimeControl "40/5400+30:1800+30"]

1. d4 d5 2. c4 e6 3. Nf3 Nf6 4. Nc3 Be7 5. e3 O-O 6. Bd3 c5 7. O-O Nc6 8. cxd5 exd5 (8... Nxd5 $11 9. a3 cxd4 10. exd4 Qb6) 9. h3 h6 (9... b6 $11) 10. a3 c4 11. Bc2 $11 Rb8 12. e4 dxe4 13. Nxe4 Nxe4 14. Bxe4 Na5 15. Bc2 Be6 16. Be3 Nb3 17. Rb1 a5 18. Ne5 Bf6 19. Qh5 Bxe5 20. dxe5 f5 21. Rbd1 Qe8 22. Qh4 Qf7 23. Rd6 Rbe8 24. f4 Qe7 25. Qf2 Rc8 26. Rfd1 Rfe8 27. Bb6 a4 28. Qg3 Qf7 29. Qe3 Rc6 30. Rd8 Rc8 31. R8d6 Rc6 32. Kh2 Rec8 33. Rd8+ Rxd8 34. Rxd8+ Kh7 35. Rd6 Rc8 36. g4 g6 37. g5 h5 38. Kg3 Qe8 39. Kh4 Kg7 40. Qc3 Kf7 41. Bd1 Nc5 42. Bxc5 Rxc5 43. Qd4 b6 44. Bf3 c3 45. bxc3 Rc4 46. Qxb6 Rxf4+ 47. Kg3 Rc4 48. Qb7+ Kf8 49. Qh7 Qe7 50. Qxg6 h4+ 51. Kg2 Bf7 52. Qxf5 Rxc3 53. g6 Rxa3 54. Qxf7+ Qxf7 55. gxf7 Kxf7 56. Bd5+ Ke7 57. Ra6 Rg3+ 58. Kf2 Rg5 59. Re6+ Kd7 60. Kf3 Rg3+ 61. Kf4 Rd3 62. Ke4 Rxh3 63. Ra6 Rg3 64. Ra7+ Kc8 65. e6 1-0

[Event "NOR-chT Eliteserien 2021-22"]
[Site "Norway"]
[Date "2022.03.05"]
[Round "8.1"]
[White "Risting, Eivind Olav"]
[Black "Sagafos, Magne"]
[Result "1-0"]
[ECO "E90"]
[WhiteElo "2311"]
[BlackElo "2386"]
[Annotator "NA"]
[PlyCount "79"]
[EventDate "2021.10.29"]
[EventType "team-tourn"]
[EventCountry "NOR"]
[SourceTitle "playchess.com"]
[Source "ChessBase"]
[SourceQuality "1"]
[TimeControl "40/5400+30:1800+30"]

1. d4 Nf6 2. c4 g6 3. Nc3 d6 4. e4 Bg7 5. h3 O-O 6. Be3 c6 7. Nf3 a6 8. Qc2 b5 9. a3 bxc4 10. Bxc4 Nbd7 $14 (10... d5 $11 {feels stronger.} 11. Bd3 dxe4 12. Nxe4 Be6) 11. O-O Nb6 12. Bd3 Be6 13. b3 Qb8 14. Rab1 Ne8 15. Ng5 Bd7 16. f4 f5 17. exf5 gxf5 18. Qe2 Nc7 19. Bf2 h6 20. Nf3 e6 21. Qd2 Nbd5 22. g3 Nxc3 23. Qxc3 Nd5 24. Qc1 Qb6 25. Kh2 Rf7 26. Qe1 Bf6 27. Ne5 dxe5 28. dxe5 Qc7 29. exf6 Rxf6 30. Bd4 Rf7 31. Be5 Qb6 32. g4 Qe3 33. Qxe3 Nxe3 34. Rf3 Nd5 35. gxf5 exf5 36. Rg3+ Kf8 37. Bd6+ Ne7 38. Rbg1 Rf6 39. Rg8+ Kf7 40. R1g7+ 1-0

[Event "NOR-chT Eliteserien 2021-22"]
[Site "Norway"]
[Date "2022.03.05"]
[Round "8.2"]
[White "Byklum, Bjornar"]
[Black "Storme, Isak"]
[Result "1/2-1/2"]
[ECO "D28"]
[WhiteElo "2318"]
[BlackElo "2352"]
[Annotator "NA"]
[PlyCount "90"]
[EventDate "2021.10.29"]
[EventType "team-tourn"]
[EventCountry "NOR"]
[SourceTitle "playchess.com"]
[Source "ChessBase"]
[SourceQuality "1"]
[TimeControl "40/5400+30:1800+30"]

1. d4 d5 2. c4 dxc4 3. Nf3 Nf6 4. e3 e6 5. Bxc4 c5 6. O-O Nc6 7. Nc3 a6 8. Qe2 b5 9. Bb3 Bb7 10. Rd1 Be7 {[%emt 0:01:02] is recently more successful than 10...Qc7.} 11. d5 exd5 12. Nxd5 Nxd5 13. Bxd5 Qb6 14. e4 O-O 15. Be3 Nb4 16. Bxb7 Qxb7 17. a3 Nc6 18. Rd5 c4 {[%emt 0:10:53] [#]} 19. Nd4 $146 ({Predecessor:} 19. Rad1 Rad8 20. h4 h6 21. h5 Rfe8 22. Nh2 Rxd5 23. exd5 Nb8 24. Ng4 Bf8 25. Qf3 {1-0 (37) Khademalsharieh,S (2494)-Krush,I (2429) Chess.com INT 2020}) 19... Nxd4 20. Bxd4 Rfd8 21. Rd1 Rxd5 22. exd5 Rd8 $11 23. Bc3 Bf8 24. Qf3 Qb6 25. Qe3 Qxe3 26. fxe3 f5 27. Kf2 Kf7 28. Kf3 Re8 29. h3 h5 30. d6 Ke6 31. d7 Rd8 32. Kf4 Bd6+ 33. Kg5 Rxd7 34. Kxh5 Kf7 35. Rd4 g6+ 36. Kg5 Be7+ 37. Kf4 Rxd4+ 38. Bxd4 Ke6 39. g4 fxg4 40. hxg4 a5 41. Ke4 Bd6 42. Bg7 Bc5 43. Bd4 Bd6 44. Bg7 Bc5 45. Bd4 Bd6 1/2-1/2

[Event "NOR-chT Eliteserien 2021-22"]
[Site "Norway"]
[Date "2022.03.05"]
[Round "8.3"]
[White "Lindbol, Aleksander"]
[Black "Leer-Helgesen, Bjarte"]
[Result "1/2-1/2"]
[ECO "A13"]
[WhiteElo "2222"]
[BlackElo "2352"]
[Annotator "NA"]
[PlyCount "38"]
[EventDate "2021.10.29"]
[EventType "team-tourn"]
[EventCountry "NOR"]
[SourceTitle "playchess.com"]
[Source "ChessBase"]
[SourceQuality "1"]
[TimeControl "40/5400+30:1800+30"]

1. c4 e6 2. g3 d5 3. Bg2 Nf6 4. Nf3 dxc4 5. Qa4+ c6 6. Qxc4 b5 7. Qb3 Bb7 8. O-O a6 9. d4 c5 10. dxc5 Bxc5 11. Be3 Nbd7 12. Bxc5 Nxc5 13. Qb4 Rc8 14. Nc3 O-O 15. Rfd1 $11 Qb6 16. a4 Nd5 17. Nxd5 Bxd5 18. axb5 Qxb5 19. Qxb5 axb5 1/2-1/2

[Event "NOR-chT Eliteserien 2021-22"]
[Site "Norway"]
[Date "2022.03.05"]
[Round "8.4"]
[White "Astrup, Kim Chr."]
[Black "Kjolberg, Jens Hjorth"]
[Result "0-1"]
[ECO "A10"]
[WhiteElo "2224"]
[BlackElo "2154"]
[Annotator "NA"]
[PlyCount "112"]
[EventDate "2021.10.29"]
[EventType "team-tourn"]
[EventCountry "NOR"]
[SourceTitle "playchess.com"]
[Source "ChessBase"]
[SourceQuality "1"]
[TimeControl "40/5400+30:1800+30"]

1. Nf3 e6 2. c4 f5 3. g3 Nf6 4. Bg2 d5 5. O-O c6 6. d3 Be7 7. b3 O-O 8. Bb2 a5 9. a3 Bd6 10. Nbd2 Qe7 11. e4 fxe4 12. dxe4 dxe4 13. Ng5 e5 14. Ndxe4 Nxe4 15. Nxe4 Bc7 16. Qh5 Bf5 17. Rfe1 Nd7 18. Rad1 Rad8 19. Kh1 h6 20. Qe2 Kh8 21. Rd2 Nf6 22. Nxf6 Rxd2 23. Qxd2 Qxf6 24. f4 Rd8 25. Qe2 Qe6 26. Bxe5 Bxe5 27. fxe5 a4 28. bxa4 Rd4 29. Qf2 Rxc4 30. a5 Rc2 31. Qf4 Bg6 32. Qf3 Kh7 33. g4 Rc5 34. Qf4 Rc4 35. Qf3 Rc5 36. Qe2 Rc2 37. Qf3 Rc5 38. Qg3 Rxa5 39. h4 Rc5 40. Qe3 Rc4 41. h5 Bc2 42. Qe2 Kh8 43. Bf3 Bh7 44. Qd1 Qe7 45. Kg2 Rc2+ 46. Kg3 Qc5 47. Re2 Rxe2 48. Qxe2 Bg8 49. a4 Be6 50. Qe4 Qc3 51. Qe2 Bd5 52. Kf4 Qd4+ 53. Kf5 Bc4 54. Qe1 Bg8 55. Be4 Qc4 56. a5 Qf7# 0-1